Description

Blink Stalker timing to multi-prong harass Terran off a 3rd base, while you take yours. Hits with 10 Stalkers a little bit before 5 minutes. Transition into Colossus, Chargelot+Immortal, or High Templar.

Replay - Blink Stalkers

Build Order

Get SALT Encoding   

  12  0:00  Probe  
  13  0:12  Probe  
  14  0:17  Pylon  
  14  0:24  Probe  
  15  0:35  Gateway  
  15  0:38  Probe (Chrono Boost)  
  16  0:43  Assimilator  
  16  0:49  Probe  
  18  1:04  Probe  
  19  1:16  Probe  Makes Cyber Core, then send to natural
  20  1:23  Cybernetics Core  
  20  1:33  Nexus  
  20  1:37  Probe (Chrono Boost)  
  21  1:41  Assimilator  
  21  1:49  Probe (Chrono Boost)  
  21  1:52  Pylon  
  22  2:00  Warp Gate  
  23  2:07  Stalker (Chrono Boost)  
  26  2:19  Twilight Council  
  27  2:34  Stalker  
  30  2:40  Shield Battery  
  30  2:49  Robotics Facility  
  32  3:05  Blink (Chrono Boost)  
  34  3:24  Gateway x2  
  36  3:36  Observer (Chrono Boost)  Rally to opponent's cliff
  36  3:41  Gateway  
  37  3:49  Stalker  
  37  3:51  Warp Prism (Chrono Boost)  Send all army to opponent when 2/3 done
  41  4:00  Pylon  
  43  4:10  Pylon  
  43  4:18  Stalker x3  
  49  4:30  Assimilator  
  53  4:43  Stalker x3  
  59  4:48  Stalker  
  61  4:50  Pylon  
  61  5:06  Nexus  
  63  5:23  Robotics Bay  
Spawning Tool Build Advisor. Get it on Overwolf

Analysis

Put Stalkers at edges of cliffs to prevent drops early on. Use observer to scout on when to commit stalkers into main base or not. Juggle blinks back and forth between main base and natural. Don't trade... especially not into siege. Goal is to just delay the 3rd until you have tier 3 units production and decent 3rd base saturation.

Go to:

Details

  • Created by: Dapapoose
  • Published on: Jan 31, 2021
  • Modified on: Jan 31, 2021
  • Patch: 4.11.0
  • Difficulty: Easy
Show
View Real Time Build Order
Export as new Build Order

Comments (0)

There are no comments. Be the first!

Create an account to comment!